 Dungeon Crawl Stone Soup version 0.25-a0-731-g0472a16d6a (webtiles) character file.

Game seed: 17633267580745000305, levelgen mode: deterministic

658 MisterFreud the Ducker (level 7, -2/46 HPs)
             Began as an Octopode Abyssal Knight on Apr 8, 2020.
             Was a Priest of Lugonu.
             Slain by Duvessa
             ... wielding a +0 short sword
              (7 damage)
             ... on level 5 of the Dungeon.
             The game lasted 00:08:39 (4092 turns).

MisterFreud the Ducker (Octopode Abyssal Knight)    Turns: 4092, Time: 00:08:40

Health: -2/46      AC:  1    Str: 11    XL:     7   Next: 55%
Magic:  8/8        EV: 15    Int: 17    God:    Lugonu [***...]
Gold:   231        SH:  0    Dex: 11    Spells: 6/6 levels left

rFire    . . .     SeeInvis .     - Unarmed
rCold    . . .     Gourm    .   q - +0 buckler
rNeg     . . .     Faith    .   (helmet restricted)
rPois    .         Spirit   .   k - +6 amulet of reflection
rElec    .         Reflect  +   (no ring)
rCorr    .         Harm     .   (no ring)
MR       .....                  (no ring)
Stlth    ++........             (no ring)
HPRegen  0.15/turn              (no ring)
MPRegen  0.11/turn              (no ring)
                                (no ring)
                                (no ring)

@: confused
A: almost no armour, stealthy swim, amphibious, 8 rings, constrict 8, camouflage
1, gelatinous body 1
a: Depart the Abyss, Bend Space, Banish, Renounce Religion


You were on level 5 of the Dungeon.
You worshipped Lugonu.
Lugonu was most pleased with you.
You were not hungry.

You visited 1 branch of the dungeon, and saw 5 of its levels.
You visited the Abyss 1 time.

You collected 231 gold pieces.

Inventory:

Hand Weapons
 b - a +1 hunting sling of freezing
Missiles
 e - 66 sling bullets
 i - 46 arrows
 r - 3 atropa-tipped darts
 t - 18 bolts
 u - 2 poisoned darts
 y - 224 stones (quivered)
Armour
 q - a +0 buckler (worn)
Jewellery
 k - a +6 amulet of reflection (around mantle)
 p - an uncursed amulet of magic regeneration
 s - an uncursed amulet of guardian spirit {unknown}
Wands
 z - a wand of paralysis (11)
Scrolls
 c - 3 scrolls of amnesia
 d - 3 scrolls of immolation
 h - a scroll of fog {unknown}
 m - a scroll of teleportation
 n - a scroll of enchant armour {unknown}
 o - a scroll of noise {unknown}
 v - a scroll of random uselessness {unknown}
Potions
 f - a potion of stabbing
 g - a potion of flight
 j - a potion of brilliance
 l - 2 potions of ambrosia
 x - a potion of resistance {unknown}
Comestibles
 a - 10 rations
 w - 10 chunks of flesh


   Skills:
 - Level 3.0 Fighting
 + Level 6.8 Dodging
 - Level 5.0 Unarmed Combat
 * Level 2.4 Invocations


You had 6 spell levels left.
You didn't know any spells.
Your spell library was empty.

Dungeon Overview and Level Annotations

Branches:
Dungeon (5/15)             Temple (0/1) D:4

Altars:
Ashenzari
Elyvilon
Okawaru
Trog
Wu Jian

Annotations:
D:5 3 runed translucent doors, Dowan; Duvessa; Yehuk's ghost, novice GrFi


Innate Abilities, Weirdness & Mutations

You cannot wear most types of armour.
You are very stealthy in the water. (Stealth+)
You are amphibious.
You can wear up to eight rings at the same time.
You can use your tentacles to constrict eight enemies at once.
Your skin changes colour to match your surroundings (Stealth+).
Your rubbery body absorbs attacks. (AC +1, EV +1)


Message History

You tentacle-slap Duvessa but do no damage.
Duvessa is moderately wounded.
You constrict Duvessa. Duvessa hits you with a +0 short sword!
Unknown command.
Okay, then.
You tentacle-slap Duvessa but do no damage.
Duvessa is moderately wounded.
You constrict Duvessa. Duvessa hits you with a +0 short sword!
* * * LOW HITPOINT WARNING * * *
Dowan drinks a potion.
Dowan seems to grow stronger.
You are confused.
You feel invigorated.
You constrict Duvessa, but do no damage.
Duvessa gestures with her weapon.
Duvessa hits you with a +0 short sword!
* * * LOW HITPOINT WARNING * * *
Dowan casts a spell.
Dowan blinks!
You constrict Duvessa. Duvessa hits you with a +0 short sword!
You die...

###...P....._.....P...#########
###...###...###...#..# #.
#####.##.##.######.#####....
#########..#.#[..#.........!....
..........##.##..#...)...###...
#########.#...#.##.......#
#.#.P.#.##.e.....######+#
#.#...#.##.####.#........
#.##.##.@e§# #..........
#.......#### ##e........
#.......###........####+#
#........##....?...#
####.....##...e....#
#.....##.e......#
########........# #.........
###........


You could see Duvessa and Dowan.

Vanquished Creatures
  An ice beast (D:5)
  A centaur (D:5)
  A bullfrog (D:4)
  A water moccasin skeleton (D:5)
  A crimson imp (D:5)
  A bullfrog skeleton (D:4)
  A centaur skeleton (D:5)
  Jessica (D:2)
  2 worker ants (D:4)
  2 gnolls (D:3)
  6 adders
  A shadow imp (D:2)
  An adder skeleton (D:4)
  4 worms
  2 dart slugs (D:3)
  10 orcs
  6 bats
  8 giant cockroaches
  9 goblins
  5 hobgoblins
  8 jackals
  7 quokkas
  2 ball pythons
  6 frilled lizards
  A giant cockroach zombie (D:5)
  9 kobolds
  A leopard gecko skeleton (D:4)
  A quokka skeleton (D:4)
  14 rats
113 creatures vanquished.

Vanquished Creatures (others)
  4 fungi (D:5)
4 creatures vanquished.

Grand Total: 117 creatures vanquished

Notes
Turn   | Place    | Note
-------+----------+-------------------------------------------
     0 | Abyss:1  | MisterFreud the Octopode Abyssal Knight began the quest for
                  | the Orb.
     0 | Abyss:1  | Reached XP level 1. HP: 16/16 MP: 2/2
    19 | D:1      | Escaped the Abyss
   180 | D:1      | Reached XP level 2. HP: 19/21 MP: 3/3
   696 | D:2      | Reached XP level 3. HP: 15/26 MP: 4/4
   829 | D:2      | Reached ** piety under Lugonu
  1060 | D:2      | Reached XP level 4. HP: 29/31 MP: 5/5
  1138 | D:2      | Noticed Jessica
  1139 | D:2      | Found a shattered altar of Ashenzari.
  1248 | D:2      | Killed Jessica
  1535 | D:3      | Reached skill level 5 in Unarmed Combat
  1561 | D:3      | Reached XP level 5. HP: 32/36 MP: 6/6
  1613 | D:3      | Found an ornate altar of the Wu Jian Council.
  1625 | D:3      | Found an ornate altar of the Wu Jian Council.
  1803 | D:3      | Reached *** piety under Lugonu
  1915 | D:3      | Reached skill level 3 in Dodging
  2490 | D:4      | Found a staircase to the Ecumenical Temple.
  2494 | D:4      | Reached skill level 4 in Dodging
  2503 | D:4      | Reached XP level 6. HP: 33/42 MP: 7/7
  2643 | D:4      | Found an iron altar of Okawaru.
  2809 | D:4      | Reached skill level 5 in Dodging
  2817 | D:4      | Found a bloodstained altar of Trog.
  3268 | D:5      | Entered Level 5 of the Dungeon
  3278 | D:5      | Noticed an ice beast
  3290 | D:5      | HP: 1/42 [ice beast (5)]
  3293 | D:5      | Killed an ice beast
  3293 | D:5      | Reached skill level 6 in Dodging
  3293 | D:5      | Reached XP level 7. HP: 1/46 MP: 8/8
  3511 | D:5      | Found a runed translucent gate.
  3512 | D:5      | Found a runed translucent gate.
  3512 | D:5      | Noticed Yehuk's ghost (novice GrFi)
  3513 | D:5      | Found a runed translucent gate.
  3634 | D:5      | HP: 2/46 [poisoned by an adder]
  4024 | D:5      | Found a white marble altar of Elyvilon.
  4069 | D:5      | Noticed Duvessa
  4071 | D:5      | Noticed Dowan
  4091 | D:5      | HP: 2/46 [Duvessa/+0 short sword (10)]
  4092 | D:5      | Slain by Duvessa

Levels and vault maps discovered:
D:1:      dpeg_arrival_snail, layout_basic
D:2:      layout_loops_cross, lemuel_round_altar, uniq_jessica
D:3:      wad_woods_tower, layout_basic, overflow_temple_1_default,
          lemuel_tele_altar
D:4:      layout_cave_pods, lemuel_coloured_pillars_altar,
          minmay_temple_entry_antechambers, serial_column_ruins,
          column_ruins_hut, column_ruins_open_small,
          column_ruins_corridor_straight, column_ruins_columns_corner,
          column_ruins_open_tiny, column_ruins_columns_water,
          okawaru_metal_pillars_1_2
D:5:      layout_basic, elyvilon_altar_1, gammafunk_ghost_nasty_kobolds,
          first_ration, grunt_ministairs_9, uniq_duvessa

Skill      XL: |  1  2  3  4  5  6 |
---------------+-------------------+-----
Unarmed Combat | 3 4 5 |  5.0
Dodging        | 4 6 |  6.8
Fighting       | |  3.0
Invocations    | |  2.4

Action                   |  1- 3 |  4- 6 |  7- 9 || total
-------------------------+-------+-------+-------++-------
Melee: Unarmed           |    77 |   137 |    57 ||   271
       Constrict         |    17 |    37 |     8 ||    62
       Tentacles         |    11 |    22 |    10 ||    43
       Punch             |     1 |     2 |     3 ||     6
 Fire: Hunting sling     |       |     4 |     2 ||     6
Throw: Stone             |     2 |       |       ||     2
Evoke: Wand              |       |       |     1 ||     1
  Use: Scroll            |       |     8 |     1 ||     9
       Potion            |       |       |     2 ||     2
 Stab: Sleeping          |     5 |     8 |     2 ||    15
  Eat: Chunk             |       |     7 |     3 ||    10
Armor: Skin              |     4 |     5 |     1 ||    10
Dodge: Dodged            |    40 |    48 |    34 ||   122
Block: Other             |     9 |     5 |       ||    14
       Buckler           |       |    30 |    25 ||    55
       Reflection        |       |       |     1 ||     1

Table legend:
 A = Non-vault XP
 B = Vault XP
 C = Vault XP percentage of total XP
 D = Non-vault monster count
 E = Vault monster count
 F = Vault count percentage of total count
                 A         B        C        D         E       F
            +---------+---------+-------+---------+---------+-------
      Total |     866 |      75 |   8.0 |     105 |       8 |   7.1
            +---------+---------+-------+---------+---------+-------
        D:1 |      26 |       0 |   0.0 |      17 |       0 |   0.0
        D:2 |      90 |      37 |  29.1 |      32 |       1 |   3.0
        D:3 |      76 |      37 |  32.7 |      30 |       6 |  16.7
        D:4 |     233 |       0 |   0.0 |      14 |       0 |   0.0
        D:5 |     441 |       1 |   0.2 |      12 |       1 |   7.7
            +---------+---------+-------+---------+---------+-------
